 Dungeon Crawl Stone Soup version 0.30-a0-1082-g70414cbcbb (webtiles) character file.

Game seed: 16127458033536847454

52 Gynju the Trooper (level 3, 0/29 HPs)
             Began as a Demonspawn Fighter on Apr 15, 2023.
             Slain by Jessica
             ... wielding a +0 club
              (5 damage)
             ... on level 2 of the Dungeon.
             The game lasted 00:01:11 (835 turns).

Gynju the Trooper (Demonspawn Fighter)               Turns: 835, Time: 00:01:12

Health: 0/29       AC:  6    Str: 18    XL:     3   Next: 60%
Magic:  3/3        EV:  9    Int:  9    God:
Gold:   64         SH:  4    Dex: 12    Spells: 2/2 levels left

rFire   . . .      SeeInvis .    a - +0 rapier
rCold   . . .      Faith    .    c - +0 buckler
rNeg    . . .      Spirit   .    b - +0 scale mail
rPois   .          Reflect  .    (helmet restricted)
rElec   .          Rampage  .    (no cloak)
rCorr   .                        (no gloves)
Will    .....                    (no boots) Stlth
                                 (no amulet)
HPRegen 0.24/turn                (no ring)
MPRegen 0.08/turn                (no ring)

@: no status effects
A: antennae 1
a: no special abilities


You were on level 2 of the Dungeon.
You visited 1 branch of the dungeon, and saw 2 of its levels.

You collected 64 gold pieces.

Inventory:

Hand Weapons
 a - a +0 rapier (weapon)
Missiles
 m - 5 atropa-tipped darts (quivered)
Armour
 b - a +0 scale mail (worn)
 c - a +0 buckler (worn)
Jewellery
 n - an amulet of regeneration
Scrolls
 e - a scroll of torment {unknown}
 f - 2 scrolls of fear {unknown}
 h - 2 scrolls of teleportation {unknown}
 i - a scroll of identify {unknown}
 j - a scroll of enchant weapon {unknown}
Potions
 d - 2 potions of might
 g - a potion of lignification {unknown}
 k - 3 potions of curing {unknown}
 l - a potion of flight {unknown}


   Skills:
 + Level 3.4 Fighting
 + Level 2.3 Short Blades
 + Level 3.1 Armour
 + Level 3.2 Shields


You had 2 spell levels left.
You didn't know any spells.
Your spell library was empty.

Dungeon Overview and Level Annotations

Branches:
Dungeon (2/15)

Altars:

Annotations:
D:2 Jessica


Innate Abilities, Weirdness & Mutations

You have a pair of small antennae on your head.


Message History

Jessica is severely wounded.
You block Jessica's attack.
You closely miss Jessica.
Jessica is severely wounded.
Jessica casts a spell.
Jessica blinks!
Jessica casts a spell at you.
You feel yourself slow down.
Jessica casts a spell.
Jessica blinks!
Jessica gestures at you while chanting. Pain shoots through your body!
You closely miss Jessica.
Jessica is heavily wounded.
Jessica closely misses you. x2
You hit Jessica but do no damage.
Jessica is heavily wounded.
Jessica gestures wildly while chanting.
Jessica blinks!
Jessica looks very angry.
You block Jessica's attack.
You barely miss Jessica.
Jessica is heavily wounded.
Jessica hits you with a +0 club.
You closely miss Jessica.
Jessica is heavily wounded.
Jessica shouts, "Stop bothering me, or I'll kill you!"
Jessica barely misses you.
Jessica casts a spell.
Jessica blinks!
Jessica hits you with a +0 club.
* * * LOW HITPOINT WARNING * * *
You barely miss Jessica.
Jessica is heavily wounded.
You feel yourself speed up. Jessica hits you with a +0 club.
* * * LOW HITPOINT WARNING * * *
Jessica shouts, "You are a ghastly nuisance!"
Jessica hits you with a +0 club.
You die...

...##.....##...##.......##
...+...###..)...#........#
...##>..........#........#
.........#....#..........#
.........#....#.#.#+##..#.....#
.##......#....#.#.#.##..#.##..#
.##......#....#.#.#.##..#.# #
###......#....#.#.#.##....#
#......#......@..(.....##
#......+......#@###......#
#......##.#.#..........#.#
#......## #.#.#........#.#
#......# #.#.###.......<# . #.#
.......#.# # #.#.#....#.#.#
#.#.#....#.# #


You could see Jessica.

Vanquished Creatures
  Terence (D:2)
  An endoplasm (D:1)
  2 giant cockroaches (D:1)
  3 goblins
  3 hobgoblins
  A quokka (D:1)
  3 ball pythons
  3 bats
  3 frilled lizards (D:1)
  5 kobolds
  2 rats
27 creatures vanquished.

Notes
Turn   | Place    | Note
-------+----------+-------------------------------------------
     0 | D:1      | Gynju the Demonspawn Fighter began the quest for the Orb.
     0 | D:1      | Reached XP level 1. HP: 18/18 MP: 1/1
   180 | D:1      | Gained mutation: You have a pair of small antennae on your
                  | head. [demonic ancestry]
   180 | D:1      | Reached XP level 2. HP: 23/24 MP: 2/2
   570 | D:2      | Noticed Terence
   582 | D:2      | Killed Terence
   583 | D:2      | Reached XP level 3. HP: 8/29 MP: 3/3
   809 | D:2      | Noticed Jessica
   835 | D:2      | Slain by Jessica

Illustrated notes

Levels and vault maps discovered:
D:1:      mrwooster_arrival_statue, layout_rooms, dreamdust_princess_corridor
D:2:      layout_basic, serial_corexii_hall, chequers_hall_statues_corner_a,
          corexii_hall_statues_t, ebering_ecumenical_altar_mist, uniq_jessica,
          uniq_terence

Skill      XL: |  1  2 |
---------------+-------+-----
Short Blades   | 2 |  2.3
Shields        | 3 |  3.2
Armour         | 3 |  3.1
Fighting       | |  3.4

Action                     || total
---------------------------++-------
  Melee: Rapier            ||   101
    Use: Potion            ||     1
 Armour: Scale mail        ||    42
  Dodge: Dodged            ||    41
  Block: Buckler           ||    29

Table legend: (Time is in decaauts)
 A = Elapsed time spent in this place.
 B = Non-inter-level travel time spent in this place.
 C = Inter-level travel time spent in this place.
 D = Time resting spent in this place.
 E = Time spent auto-exploring this place.
 F = Levels seen in this place.
 G = Mean time per level.
                   A        B        C        D        E       F      G
               +--------+--------+--------+--------+--------+-----+--------+
         Total |    854 |    814 |     40 |      0 |    600 |   2 |  427.0 |
       Dungeon |    854 |    814 |     40 |      0 |    600 |   2 |  427.0 |
               +--------+--------+--------+--------+--------+-----+--------+

Top non-repeatable levels by time:
     D:1: 551 daAuts
     D:2: 303 daAuts
